 Dungeon Crawl Stone Soup version 0.29.1-2-gbd0b4ee654 (webtiles) character file.

Game seed: 10728253504036323921

1197 warriortoast the Fighter (level 8, -6/78 HPs)
             Began as a Minotaur Fighter on Nov 3, 2022.
             Killed by divine providence
             ... invoked by an orc priest
              (13 damage)
             ... on level 6 of the Dungeon.
             The game lasted 00:10:24 (5405 turns).

warriortoast the Fighter (Minotaur Fighter)         Turns: 5405, Time: 00:10:24

Health: -6/78      AC:  9    Str: 23    XL:     8   Next: 20%
Magic:  7/7        EV:  7    Int:  5    God:
Gold:   294        SH:  4    Dex: 10    Spells: 7/7 levels left

rFire   . . .      SeeInvis +   a - +0 war axe
rCold   . . .      Faith    .   c - +0 buckler
rNeg    . . .      Spirit   .   e - +0 chain mail
rPois   .          Reflect  .   (helmet restricted)
rElec   .          Harm     .   (no cloak)
rCorr   .          Rampage  .   (no gloves)
Will    .....                   (no boots)
Stlth   ..........              (no amulet)
HPRegen 0.23/turn               p - ring of see invisible
MPRegen 0.10/turn               I - ring of flight

@: flying
A: horns 2, retaliatory headbutt
a: no special abilities


You were on level 6 of the Dungeon.
You visited 2 branches of the dungeon, and saw 7 of its levels.

You collected 294 gold pieces.

Inventory:

Hand Weapons
 a - a +0 war axe (weapon)
Missiles
 o - 14 poisoned darts (quivered)
 J - a boomerang
Armour
 b - a +0 scale mail
 c - a +0 buckler (worn)
 e - a +0 chain mail (worn)
Jewellery
 l - a ring of ice
 p - a ring of see invisible (left hand)
 r - a ring of ice
 D - a ring of wizardry
 I - a ring of flight (right hand)
Wands
 w - a wand of light (7)
 B - a wand of polymorph (5)
Scrolls
 g - 7 scrolls of identify {unknown}
 h - 3 scrolls of immolation {unknown}
 i - 2 scrolls of noise {unknown}
 q - a scroll of blinking {unknown}
 s - 2 scrolls of poison {unknown}
 u - 2 scrolls of enchant weapon {unknown}
 v - a scroll of brand weapon {unknown}
 y - a scroll of amnesia {unknown}
 z - 2 scrolls of vulnerability {unknown}
 A - 3 scrolls of teleportation {unknown}
 H - a scroll of fear {unknown}
Potions
 d - 4 potions of might
 f - 2 potions of heal wounds {unknown}
 j - 2 potions of brilliance {unknown}
 k - 2 potions of curing {unknown}
 m - a potion of flight {unknown}
 n - 2 potions of magic {unknown}
 t - 2 potions of mutation {unknown}
 x - a potion of haste {unknown}
 C - 2 potions of lignification {unknown}
 E - a potion of degeneration {unknown}
 F - a potion of ambrosia {unknown}
 G - a potion of attraction {unknown}


   Skills:
 + Level 9.1 Fighting
 + Level 8.6 Axes
 - Level 3.6 Armour
 - Level 3.6 Shields


You had 7 spell levels left.
You didn't know any spells.
Your spell library contained the following spells:

 Spells                   Type           Power      Damage    Failure   Level
 Animate Dead             Necr           0%         N/A       100%        4
 Haunt                    Necr/Summ      0%         N/A       100%        7
 Infestation              Necr           0%         N/A       100%        8


Dungeon Overview and Level Annotations

Branches:
Dungeon (6/15)             Temple (1/1) D:5

Altars:
Ashenzari
Cheibriados
Dithmenos
Elyvilon
Fedhas
Gozag
Hepliaklqana
Kikubaaqudgha
Makhleb
Nemelex Xobeh
Qazlal
Ru
Trog
Uskayaw
Vehumet
Wu Jian
Xom
Yredelemnul
Zin
The Shining One

Annotations:
D:5 2 transporters, om's ghost, novice TrFi
Temple 2 transporters


Innate Abilities, Weirdness & Mutations

You have a pair of horns on your head.
You reflexively headbutt those who attack you in melee.


Message History

Beogh smites you! The phantom attacks as you move away! The phantom hits you.
The orc priest invokes the aid of Beogh against you.
Beogh smites you!
The orc priest looks satisfied for a moment.
There is an open door here.
The orc priest calls down the wrath of Beogh upon you.
Beogh smites you!
* * * LOW HITPOINT WARNING * * *
The phantom attacks as you move away! The phantom hits you.
* * * LOW HITPOINT WARNING * * *
The phantom attacks as you move away! The phantom hits you.
* * * LOW HITPOINT WARNING * * *
There is an open door here.
Cleave: a) +0 war axe
Press: ? - help, Dir - move target, f - phantom
Aim: a phantom (about 47% to evade your +0 war axe)
Okay, then.
You miss the phantom.
The phantom hits you but does no damage.
You slash the phantom!
The phantom is moderately damaged.
The phantom hits you but does no damage.
The phantom hits you.
* * * LOW HITPOINT WARNING * * *
You slash the phantom!
The phantom is severely damaged.
The orc priest begins to cast a cantrip, but forgets the words!
The phantom hits you but does no damage.
You closely miss the phantom.
The phantom is severely damaged.
The phantom hits you but does no damage.
You hit the phantom. Your headbutt misses the phantom.
The phantom is almost destroyed.
The phantom hits you but does no damage.
You completely miss the phantom. You headbutt the phantom.
The phantom is almost destroyed.
The orc priest mumbles some strange prayers to Beogh against you.
Beogh smites you!
You die...

#........>..........
#.........##........
#.....######.......$ #)#####
####........
#.#######...........
#.......+.z.........
##########...#####...........
####........#...#####....#+###..
............#...@Wzooo...#
............#...#####....+
............'...# #....#
..).........#...# #....#
..).........#...# #....#
............#...# #....#
............#...# #....#
####........#...# #....#
#........#...#


You could see a phantom, a wight, 2 orc priests and an orc.

Vanquished Creatures
  Grinder (D:5)
  Edmund (D:5)
  A phantom (D:4)
  Blork the orc (D:5)
  A necrophage (D:4)
  4 wights (D:6)
  2 jellies
  Ijyb (D:3)
  5 iguanas
  3 orc wizards
  9 adders
  A white imp (D:4)
  An ufetubus (D:4)
  5 dart slugs
  6 orcs
  2 bats (D:2)
  4 endoplasms
  3 giant cockroaches
  17 goblins
  14 hobgoblins
  6 jackals (D:1)
  4 quokkas
  7 ball pythons
  A frilled lizard (D:1)
  6 kobolds
  6 rats
112 creatures vanquished.

Notes
Turn   | Place    | Note
-------+----------+-------------------------------------------
     0 | D:1      | warriortoast the Minotaur Fighter began the quest for the
                  | Orb.
     0 | D:1      | Reached XP level 1. HP: 19/19 MP: 0/0
   140 | D:1      | Reached skill level 4 in Fighting
   158 | D:1      | Reached XP level 2. HP: 26/27 MP: 1/1
   709 | D:1      | Reached XP level 3. HP: 34/34 MP: 2/2
  1273 | D:2      | Found a faded altar of an unknown god.
  1544 | D:2      | Reached XP level 4. HP: 41/41 MP: 3/3
  1767 | D:2      | Reached skill level 5 in Fighting
  2183 | D:3      | Noticed Ijyb
  2197 | D:3      | Killed Ijyb
  2198 | D:3      | Reached XP level 5. HP: 29/50 MP: 4/4
  2500 | D:3      | Reached skill level 5 in Axes
  2924 | D:4      | Noticed a phantom
  2932 | D:4      | Killed a phantom
  2933 | D:4      | Reached skill level 6 in Fighting
  3019 | D:4      | Reached XP level 6. HP: 57/57 MP: 5/5
  3458 | D:5      | Entered Level 5 of the Dungeon
  3474 | D:5      | Found a staircase to the Ecumenical Temple.
  3483 | Temple   | Entered the Ecumenical Temple
  3483 | Temple   | Found a transporter.
  3483 | Temple   | Found a transporter.
  3485 | Temple   | Found a transporter.
  3485 | Temple   | Found a transporter.
  3634 | D:5      | Found an opulent altar of Gozag.
  3637 | D:5      | Noticed Edmund
  3655 | D:5      | Killed Edmund
  3656 | D:5      | Reached skill level 7 in Fighting
  3656 | D:5      | Reached XP level 7. HP: 13/66 MP: 6/6
  4024 | D:5      | Noticed Blork the orc
  4032 | D:5      | Killed Blork the orc
  4287 | D:5      | Noticed Grinder
  4301 | D:5      | Killed Grinder
  4302 | D:5      | Reached skill level 8 in Fighting
  4417 | D:5      | Found a transporter.
  4417 | D:5      | Noticed om's ghost (novice TrFi)
  4417 | D:5      | Noticed a kobold demonologist
  4624 | D:5      | Found a transporter.
  5175 | D:6      | Reached XP level 8. HP: 67/75 MP: 7/7
  5299 | D:6      | Reached skill level 9 in Fighting
  5405 | D:6      | Killed from afar by an orc priest

Illustrated notes

Levels and vault maps discovered:
D:1:      amcnicky_arrival_flooded_fountain, layout_basic
D:2:      layout_loops_corners, shapermc_ecumenical_altar_petra,
          nrook_loot_triangle
D:3:      layout_rooms, kennysheep_cross_room, kennysheep_big_empty_room,
          chequers_serial_rivers_small_3, uniq_ijyb
D:4:      cheibrodos_greedy_goblins, layout_rooms, serial_glass,
          glass_columns_a, glass_columns_a, glass_columns_a, glass_columns_a,
          glass_columns_a, glass_columns_a
D:5:      layout_loops_ring, mainiacjoe_overflow_chevrons,
          minmay_temple_entry_ruins, gammafunk_ghost_arena, eino_curves_01,
          minmay_door_square, uniq_edmund, uniq_grinder, uniq_blork_the_orc
D:6:      layout_basic, corexii_hall_statues_deadend
Temple:   hellmonk_temple_divided_pantheon

Skill      XL: |  1  2  3  4  5  6  7  8 |
---------------+-------------------------+-----
Fighting       | 4 5 6 7 8 9 |  9.1
Axes           | 3 4 5 6 8 |  8.6
Armour         | |  3.6
Shields        | |  3.6

Action                   |  1- 3 |  4- 6 |  7- 9 || total
-------------------------+-------+-------+-------++-------
Melee: War axe           |    86 |   109 |    69 ||   264
       Headbutt          |    11 |    12 |    16 ||    39
Throw: Dart              |       |    17 |       ||    17
  Use: Potion            |       |     1 |       ||     1
Armor: Chain mail        |    49 |    51 |    31 ||   131
Dodge: Dodged            |    25 |    40 |    20 ||    85
Block: Buckler           |    15 |    16 |    12 ||    43
